Map: Crimson Court LE

Players

dude

  • Race: Zerg Zerg
  • League: Diamond
  • Spawn Location: 7:00

ŃѲẊ - Winner!

  • Race: Zerg Zerg
  • League: Diamond
  • Spawn Location: 1:00

VOD

Have the link to the VOD?

Description

Time

  • Played on: July 15, 2024, 9:46 p.m.
  • Length: 4:38
Show
View Real Time Build Order
Export as new Build Order

dude Zerg 

Build Orders: Pool First 

Get SALT Encoding   

  12  0:17  Spawning Pool  
  11  0:21  Drone  
  12  0:28  Drone  
  12  0:32  Drone  
  14  0:37  Extractor  
  14  0:42  Overlord  
  13  1:05  Zergling x6  
  16  1:18  Zergling x2  
  17  1:27  Hatchery  
  16  1:36  Drone  
  17  1:44  Baneling Nest  
  16  1:47  Drone  
  17  1:58  Drone  
  19  2:01  Drone  
  19  2:10  Queen  
  21  2:19  Drone  
  22  2:28  Baneling  
  22  2:29  Baneling  
  20  2:35  Drone  
  20  2:36  Drone  
  22  2:40  Queen  
  22  2:42  Drone  
  25  2:50  Zergling x4  
  25  2:56  Zergling x2  
  26  3:05  Overlord  
  26  3:08  Drone  
  26  3:11  Baneling x2  
  27  3:17  Zergling x2  
  28  3:25  Drone x5  
  33  3:35  Drone x2  
  23  4:03  Zergling x4  
  23  4:04  Zergling x10  
  23  4:08  Drone  
  31  4:20  Baneling x2  
  31  4:22  Drone x2  
  33  4:27  Evolution Chamber  
  33  4:28  Spine Crawler  
  33  4:30  Evolution Chamber  
Show
View Real Time Build Order
Export as new Build Order

ŃѲẊ Zerg - Winner!

Build Orders: Hatch First 

Get SALT Encoding   

  12  0:01  Drone  
  13  0:12  Overlord  
  13  0:16  Drone  
  14  0:31  Drone x2  
  16  0:39  Drone  
  17  0:51  Hatchery  
  17  0:54  Drone  
  17  0:58  Extractor  
  16  1:10  Spawning Pool  
  15  1:12  Drone  
  15  1:17  Drone  
  17  1:21  Drone  
  18  1:28  Drone  
  19  1:57  Spine Crawler  
  19  1:58  Queen  
  19  1:59  Zergling x4  
  22  2:03  Zergling x2  
  22  2:04  Zergling x2  
  22  2:06  Metabolic Boost  
  24  2:19  Zergling x2  
  24  2:20  Zergling x2  
  25  2:32  Baneling Nest  
  24  2:42  Zergling x8  
  23  2:51  Zergling x4  
  25  3:01  Zergling x4  
  27  3:09  Zergling x2  
  27  3:11  Overlord  
  27  3:12  Overlord  
  28  3:17  Baneling x4  
  20  3:59  Zergling x18  
Tags
 
Add a new tag
Caveats
  • Supply blocks, unpowered buildings, or Contaminate may cause inaccurate times.
  • Supply counts are checked every 10 seconds.